 Dungeon Crawl Stone Soup version 0.29.1-2-gbd0b4ee654 (webtiles) character file.

Game seed: 5906167934315077512

3 DungeonMaster the Cudgeller (level 1, 0/19 HPs)
             Began as a Meteoran Cinder Acolyte on Nov 9, 2022.
             Was a High Priest of Ignis.
             Slain by a quokka (2 damage)
             ... on level 1 of the Dungeon.
             The game lasted 00:00:30 (114 turns).

DungeonMaster the Cudgeller (MeCA)                   Turns: 114, Time: 00:00:31

Health: 0/19       AC:  2    Str: 15    XL:     1   Next: 71%
Magic:  3/3        EV: 11    Int: 15    God:    Ignis [*****.]
Gold:   0          SH:  0    Dex:  9    Spells: 2/2 levels left

rFire   + . .      SeeInvis .   a - -1 mace (flame)
rCold   . . .      Faith    .   (no shield)
rNeg    . . .      Spirit   .   b - +0 robe
rPois   .          Reflect  .   (no helmet)
rElec   .          Harm     .   (no cloak)
rCorr   .          Rampage  .   (no gloves)
Will    .....                   (no boots)
Stlth   +.........              (no amulet)
HPRegen 0.06/turn               (no ring)
MPRegen 0.08/turn               (no ring)

@: glowing
A: sense surroundings 1, otherworldly, glowing, explore regen
a: Renounce Religion, Fiery Armour, Foxfire Swarm, Rising Flame


You were on level 1 of the Dungeon.
You worshipped Ignis.
Ignis was extremely pleased with you.
You visited 1 branch of the dungeon, and saw 1 of its levels.

Inventory:

Hand Weapons
 a - a -1 mace of flaming (weapon)
Armour
 b - a +0 robe (worn)


   Skills:
 * Level 3.5 Fighting
 - Level 4.0 Maces & Flails
 * Level 0.4 Dodging
 - Level 1.3 Spellcasting
 - Level 3.6 Fire Magic


You had 2 spell levels left.
You didn't know any spells.
Your spell library contained the following spells:

 Spells                   Type           Power      Damage    Failure   Level
 Scorch                   Fire           22%        2d6       9%          2


Dungeon Overview and Level Annotations

Branches:
Dungeon (1/15) Zot: 481

Altars:


Innate Abilities, Weirdness & Mutations

You passively map a small area around you.
You are easily found by Zot.
You glow in the dark.
You regain HP and MP as you explore.


Message History

The rat twitches its whiskers.
The bat hits you. The bat attacks as you move away! The bat closely misses you.
The bat hits you.
The rat twitches its whiskers.
The bat closely misses you.
You miss the bat. The bat hits you but does no damage.
You hit the bat but do no damage. The bat closely misses you. The bat hits you.
You closely miss the bat. The bat hits you but does no damage.
The bat barely misses you.
Okay, then.
You aren't carrying any scrolls.
Unknown command.
It was a potion of curing.
You feel better. The bat barely misses you.
You hit the bat. You burn the bat.
You kill the bat!
You barely miss the quokka. The quokka barely misses you. x2
You barely miss the quokka. The quokka bites you.
You barely miss the quokka. The quokka bites you. x2
You hit the quokka. You burn the quokka.
The quokka is moderately wounded.
The quokka bites you.
You barely miss the quokka.
The quokka is moderately wounded.
The quokka barely misses you. The quokka bites you.
* * * LOW HITPOINT WARNING * * *
You barely miss the quokka.
The quokka is moderately wounded.
The quokka misses you.
You hit the quokka. You burn the quokka.
The quokka is severely wounded.
The quokka closely misses you.
You miss the quokka.
The quokka is severely wounded.
The quokka bites you but does no damage.
The quokka bites you.
* * * LOW HITPOINT WARNING * * *
You closely miss the quokka.
The quokka is severely wounded.
The quokka bites you.
You die...

, * * * , * ,
#+############ *
#.#...........
#@#...........
#r#...........
######r#...........
#......JJ.J.........,
#..[................
,
#...................
,
#########.?.........
#.......!...,
#...........


You could see 2 endoplasms, a quokka and a rat.

Vanquished Creatures
  2 bats (D:1)
  A frilled lizard (D:1)
3 creatures vanquished.

Notes
Turn   | Place    | Note
-------+----------+-------------------------------------------
     0 | D:1      | DungeonMaster the Meteoran Cinder Acolyte began the quest
                  | for the Orb.
     0 | D:1      | Reached XP level 1. HP: 19/19 MP: 3/3
    80 | D:1      | Found a faded altar of an unknown god.
   114 | D:1      | Slain by a quokka

Illustrated notes

Levels and vault maps discovered:
D:1:      tarquinn_simple_flora_water_e, layout_basic, basic_ecumenical_altar

Action                   || total
-------------------------++-------
Melee: Mace              ||    20
  Use: Scroll            ||     2
       Potion            ||     1
Armor: Robe              ||     9
Dodge: Dodged            ||    21
